 Dungeon Crawl Stone Soup version 0.27.1-3-gb3d3a73c9e (webtiles) character file.

Game seed: 11462311508941537697

42 DearestLeader the Magician (level 3, -3/28 HPs)
             Began as a Gnoll Wanderer on Oct 19, 2021.
             Slain by an iguana (7 damage)
             ... on level 2 of the Dungeon.
             The game lasted 00:02:29 (1323 turns).

DearestLeader the Magician (Gnoll Wanderer)         Turns: 1323, Time: 00:02:30

Health: -3/28      AC:  5    Str: 11    XL:     3   Next: 54%
Magic:  9/11       EV: 10    Int: 14    God:
Gold:   34         SH:  0    Dex:  9    Spells: 15/16 levels left

rFire    + . .     SeeInvis +   f - +1 short sword (holy)
rCold    . . .     Faith    .   (no shield)
rNeg     . . .     Spirit   .   i - +0 ring mail {rF+}
rPois    .         Reflect  .   (no helmet)
rElec    .         Harm     .   (no cloak)
rCorr    .         Rampage  .   (no gloves)
Will     +....     Clarity  +   (no boots)
Stlth    +.........             (no amulet)
HPRegen  0.09/turn              g - ring of see invisible
MPRegen  0.12/turn              (no ring)

@: no status effects
A: fangs 1, strong nose, distributed training, clarity, strong-willed 1
a: no special abilities


You were on level 2 of the Dungeon.
You visited 1 branch of the dungeon, and saw 2 of its levels.

You collected 34 gold pieces.

Inventory:

Hand Weapons
 a - a +0 dagger
 f - a +1 short sword of holy wrath (weapon)
Missiles
 c - 10 poisoned darts (quivered)
Armour
 e - a +0 robe
 i - a +0 ring mail of fire resistance (worn)
Jewellery
 g - a ring of see invisible (left hand)
 j - an amulet of faith
Scrolls
 h - a scroll of identify {unknown}
Potions
 b - a potion of berserk rage
 d - a potion of haste
 k - a potion of degeneration {unknown}
 l - a potion of mutation


   Skills:
 + Level 2.6 Fighting
 + Level 0.8 Short Blades
 + Level 0.8 Long Blades
 + Level 0.8 Axes
 + Level 0.8 Maces & Flails
 + Level 0.8 Polearms
 + Level 0.8 Staves
 + Level 0.8 Slings
 + Level 0.8 Bows
 + Level 0.8 Crossbows
 + Level 2.6 Throwing
 + Level 0.8 Armour
 + Level 0.8 Dodging
 + Level 2.4 Stealth
 + Level 0.8 Shields
 + Level 2.6 Unarmed Combat
 + Level 7.1 Spellcasting
 + Level 0.5 Conjurations
 + Level 0.5 Hexes
 + Level 0.5 Summonings
 + Level 0.5 Necromancy
 + Level 2.1 Translocations
 + Level 0.5 Transmutations
 + Level 0.5 Fire Magic
 + Level 2.1 Ice Magic
 + Level 0.5 Air Magic
 + Level 0.5 Earth Magic
 + Level 0.5 Poison Magic
 + Level 1.0 Invocations
 + Level 2.6 Evocations


You had 15 spell levels left.
You knew the following spells:

 Your Spells              Type           Power      Damage    Failure   Level
a - Sting                 Tmut/Pois      24%        1d4       26%         1

Your spell library contained the following spells:

 Spells                   Type           Power      Damage    Failure   Level
 Ignite Poison            Fire/Tmut/Pois 6%         N/A       63%         3


Dungeon Overview and Level Annotations

Branches:
Dungeon (2/15)

Altars:


Innate Abilities, Weirdness & Mutations

You have very sharp teeth.
Your uncanny sense of smell can sniff out nearby items.
Your experience applies equally to all skills.
You possess an exceptional clarity of mind.
You are strong-willed. (Will+)


Message History

No target in view!
Magic restored.
HP restored.
l - 2 metallic black potions You see here an adder corpse.
A ball python comes into view.
Found an escape hatch in the ceiling.
The ball python hisses angrily.
You closely miss the ball python. The ball python barely misses you. x2
You puncture the ball python!
You kill the ball python!
No target in view!
You see here a +0 leather armour.
You see here a +0 leather armour.
An iguana comes into view.
An iguana is nearby!
The iguana bites you.
You hit the iguana but do no damage. The iguana bites you!
You barely miss the iguana. The iguana bites you!
Casting: Sting (safe; 26% risk of failure)
Confirm with . or Enter, or press ? or * to list all spells.
Aiming: Sting (safe; 26% risk of failure)
Press: ? - help, Shift-Dir - straight line, f - iguana
Aim: an iguana (72% to hit)
The sting hits the iguana but does no damage.
The iguana is poisoned.
The iguana barely misses you.
Casting: Sting (safe; 26% risk of failure)
Confirm with . or Enter, or press ? or * to list all spells.
Aiming: Sting (safe; 26% risk of failure)
Press: ? - help, Shift-Dir - straight line, f/p - iguana
Aim: an iguana (lightly wounded, poisoned, 72% to hit)
The sting hits the iguana but does no damage.
The iguana looks even sicker.
The iguana is lightly wounded.
The iguana bites you!
* * * LOW HITPOINT WARNING * * *
It was a potion of mutation.
You feel extremely strange.
Your thoughts seem clearer.
You feel strong-willed. The iguana bites you!
You die...

#.###.....##
##.#.#.#......
##.†....####. #.##.#.#
#.#..<.# #######
.#######.#....# #.....#
.........#....###<....#
.........##.#.[.......#
...........@..###.....#
.##########l### #.....#
#.# ####### ###.####
#......# #.#.##.# #.#.#
# #.#.. #.####


You could see an iguana (very poisoned).

Vanquished Creatures
  An adder (D:2)
  A dart slug (D:1)
  2 bats (D:1)
  4 endoplasms (D:1)
  2 giant cockroaches
  4 hobgoblins (D:1)
  A jackal (D:1)
  2 kobolds (D:1)
  6 ball pythons
  A goblin (D:1)
  4 rats (D:1)
28 creatures vanquished.

Vanquished Creatures (others)
  A demonic plant (D:1)
1 creature vanquished.

Grand Total: 29 creatures vanquished

Notes
Turn   | Place    | Note
-------+----------+-------------------------------------------
     0 | D:1      | DearestLeader the Gnoll Wanderer began the quest for the
                  | Orb.
     0 | D:1      | DearestLeader set off with the following items: a +0
                  | dagger, a potion of berserk rage, 10 poisoned darts, a
                  | potion of haste, a +0 robe; and the following spell
                  | memorised: Sting; and the following spells available to
                  | memorise: Ignite Poison
     0 | D:1      | Reached XP level 1. HP: 17/17 MP: 8/8
   362 | D:1      | Reached XP level 2. HP: 23/23 MP: 7/10
   732 | D:1      | Found a faded altar of an unknown god.
   732 | D:1      | Noticed a crimson imp
   940 | D:1      | Reached XP level 3. HP: 28/28 MP: 11/11
  1249 | D:2      | Reached skill level 1 in Invocations
  1323 | D:2      | Gained mutation: You possess an exceptional clarity of
                  | mind. [potion of mutation]
  1323 | D:2      | Gained mutation: You are strong-willed. (Will+) [potion of
                  | mutation]
  1323 | D:2      | Slain by an iguana

Illustrated notes

Levels and vault maps discovered:
D:1:      lightli_arrival_noodles, layout_loops_ring,
          dreamdust_ecumenical_altar_sealed_demon,
          hangedman_abyss_or_decor_stabs, minmay_3d_cube
D:2:      wander_river, layout_loops_cross, serial_shops, shop_coins

Skill      XL: |  1  2  3 |
---------------+----------+-----
Translocations | 2 |  2.1
Ice Magic      | 2 |  2.1
Invocations    | 1 |  1.0
Fighting       | |  2.6
Short Blades   | |  0.8
Long Blades    | |  0.8
Axes           | |  0.8
Maces & Flails | |  0.8
Polearms       | |  0.8
Staves         | |  0.8
Slings         | |  0.8
Bows           | |  0.8
Crossbows      | |  0.8
Throwing       | |  2.6
Armour         | |  0.8
Dodging        | |  0.8
Stealth        | |  2.4
Shields        | |  0.8
Unarmed Combat | |  2.6
Spellcasting   | |  7.1
Conjurations   | |  0.5
Hexes          | |  0.5
Summonings     | |  0.5
Necromancy     | |  0.5
Transmutations | |  0.5
Fire Magic     | |  0.5
Air Magic      | |  0.5
Earth Magic    | |  0.5
Poison Magic   | |  0.5
Evocations     | |  2.6

Action                   || total
-------------------------++-------
Melee: Dagger            ||    12
       Bite              ||     4
       Short sword       ||    38
 Cast: Sting             ||    23
  Use: Potion            ||     1
 Stab: Sleeping          ||     1
Armor: Robe              ||     3
       Ring mail         ||    10
Dodge: Dodged            ||    22
